 Dungeon Crawl Stone Soup version 0.22-a0-307-g2b15929 (webtiles) character file.

6899 Borgoz the Grappler (level 11, 0/100 HPs)
             Began as a Ghoul Gladiator on Apr 1, 2018.
             Was a Believer of Dithmenos.
             Slain by an unseen horror (4 damage)
             ... on level 9 of the Dungeon.
             The game lasted 00:21:29 (10609 turns).

Borgoz the Grappler (Ghoul Gladiator)              Turns: 10609, Time: 00:21:30

Health: 0/100      AC:  6    Str: 23    XL:     11   Next: 6%
Magic:  10/10      EV: 18    Int:  3    God:    Dithmenos [**....]
Gold:   590        SH:  0    Dex: 15    Spells: 10/10 levels left

rFire    + + .     SeeInvis .     - Unarmed
rCold    + + +     Gourm    .   (no shield)
rNeg     + + +     Faith    .   A - +2 leather armour {rC+}
rPois    ∞         Spirit   .   b - +0 helmet
rElec    .         Reflect  .   q - scarf {cloud immunity}
rCorr    .         Harm     .   (no gloves)
MR       .....                  (no boots)
Stlth    +++++.....             (no amulet)
HPRegen  0.00/turn              x - ring of the Median {rF+ rC+ Stlth+}
MPRegen  0.12/turn              w - ring "Ergheos" {rF+ rC+ Str+4 Dex+2}

@: very slightly contaminated, rotting, wreathed by umbra, invisible
A: rotting body, claws 1, carnivore, cold resistance 1, negative energy
resistance 3, inhibited regeneration, torment resistance, unbreathing
a: Shadow Step, Renounce Religion


You were on level 9 of the Dungeon.
You worshipped Dithmenos.
Dithmenos was pleased with you.
You were not hungry.

You visited 2 branches of the dungeon, and saw 11 of its levels.

You collected 590 gold pieces.

Inventory:

Hand Weapons
 t - a +2 quarterstaff of chaos
Missiles
 c - 3 throwing nets (quivered)
Armour
 b - a +0 helmet (worn)
 q - a scarf of cloud immunity (worn)
 A - a +2 leather armour of cold resistance (worn)
Jewellery
 w - the ring "Ergheos" (right claw) {rF+ rC+ Str+4 Dex+2}
   (You found it on level 6 of the Dungeon)

   [ring of protection from fire]

   It affects your strength (+4).
   It affects your dexterity (+2).
   It protects you from fire.
   It protects you from cold.
 x - the ring of the Median (left claw) {rF+ rC+ Stlth+}
   (You found it on level 7 of the Dungeon)

   [ring of stealth]

   It protects you from fire.
   It protects you from cold.
   It makes you more stealthy.
Wands
 j - a wand of random effects (16)
 u - a wand of iceblast (6)
 B - a wand of polymorph (16)
Scrolls
 e - 3 scrolls of enchant weapon
 h - a scroll of enchant armour
 i - a scroll of fear
 k - 5 scrolls of magic mapping
 l - 4 scrolls of teleportation
 m - 7 scrolls of remove curse
 n - 4 scrolls of amnesia
Potions
 f - 3 potions of flight
 p - 2 potions of resistance
 r - a potion of cancellation
 D - 2 potions of curing
Comestibles
 d - 24 rations


   Skills:
 + Level 10.2 Fighting
 - Level 1.7 Throwing
 + Level 8.9 Dodging
 + Level 5.7 Stealth
 + Level 10.5 Unarmed Combat


You had 10 spell levels left.
You didn't know any spells.

Dungeon Overview and Level Annotations

Branches:
Dungeon (10/15)            Temple (1/1) D:4
   Lair: D:8-11         Orc: D:9-12

Altars:
Ashenzari
Cheibriados
Dithmenos
Elyvilon
Fedhas
Gozag
Hepliaklqana
Kikubaaqudgha
Makhleb
Nemelex Xobeh
Okawaru
Qazlal
Ru
Sif Muna
Trog
Uskayaw
Vehumet
Wu Jian
Xom
Yredelemnul
Zin
The Shining One

Shops:
D:10 !


Innate Abilities, Weirdness & Mutations

Your body is rotting away.
You thrive on raw meat.
You are immune to poison.
You have sharp fingernails.
You are carnivorous and can eat meat at any time.
Your flesh is cold resistant. (rC+)
You are immune to negative energy. (rN+++)
You do not regenerate when monsters are visible.
You are immune to unholy pain and torment.
You can survive without breathing.


Message History

You are very lightly contaminated with residual magic.
You mangle the wyvern!!
The wyvern is severely wounded.
The wyvern misses you.
You claw the wyvern!
You kill the wyvern!
Dithmenos accepts your kill. Something hits you.
* * * LOW HITPOINT WARNING * * *
You barely miss something. Something hits you.
* * * LOW HITPOINT WARNING * * *
Something barely misses you.
You see here a wyvern corpse.
Something hits you.
* * * LOW HITPOINT WARNING * * *
You see here a wyvern corpse.
You butcher the wyvern corpse.
Something hits you.
* * * LOW HITPOINT WARNING * * *
Something hits you.
You die...

#.......######.# #.#
#.#####........# #.# #.#
###############.# #.#
#......#........# #.#
#.####.#.######## # #.###.#
#.#.# # #.....# #.#.# #
##########.#.# #### #......#@#
.).######.######.#####
.............>.......#########
###.###.#.#....#.............#
# #.# #.#.##########.#####.###
# #.# #.#................#.###
#.###.#########....^##.#..<#
#..##.....[..##.....##.#####
##.##........##..##....#


There were no monsters in sight!

Vanquished Creatures
  2 two-headed ogres (D:9)
  Pikel (D:5)
  Grinder (D:5)
  A spriggan (D:7)
  2 wyverns (D:9)
  5 yaks (D:9)
  4 orc warriors
  3 sky beasts
  An eye of draining (D:7)
  An ice beast (D:9)
  3 slaves
  A black bear (D:6)
  3 ogres
  A necrophage (D:10)
  2 centaurs
  A big kobold (D:8)
  5 bullfrogs
  A water moccasin zombie (D:6)
  A wyvern skeleton (D:10)
  A water moccasin skeleton (D:10)
  A scorpion (D:9)
  4 killer bees (D:8)
  5 wights (D:10)
  A howler monkey (D:5)
  2 bullfrog zombies
  5 crimson imps
  A quasit (D:9)
  A bullfrog skeleton (D:8)
  Crazy Yiuf (D:5)
  3 hounds
  6 orc wizards
  6 orc priests
  3 iguanas
  6 worker ants
  3 killer bee zombies
  2 hound skeletons
  Robin (D:2)
  A howler monkey skeleton (D:6)
  7 gnolls (D:5)
  11 adders
  A shadow imp (D:7)
  An ooze (D:3)
  3 dart slugs (D:1)
  4 leopard geckos
  30 orcs
  2 ball pythons
  5 giant cockroaches
  12 goblins
  6 hobgoblins
  7 jackals
  3 quokkas
  6 bats
  4 frilled lizards
  10 kobolds
  A quokka skeleton (D:9)
  2 quokka zombies
  5 rats
212 creatures vanquished.

Vanquished Creatures (others)
  An orc (D:10)
1 creature vanquished.

Grand Total: 213 creatures vanquished

Notes
Turn   | Place    | Note
-------+----------+-------------------------------------------
     0 | D:1      | Borgoz the Ghoul Gladiator began the quest for the Orb.
     0 | D:1      | Reached XP level 1. HP: 17/17 MP: 0/0
   103 | D:1      | Reached XP level 2. HP: 16/25 MP: 1/1
   737 | D:2      | Reached XP level 3. HP: 29/30 MP: 2/2
  1002 | D:2      | Reached XP level 4. HP: 38/38 MP: 3/3
  1159 | D:2      | Noticed Robin
  1540 | D:2      | Killed Robin
  1981 | D:2      | Reached XP level 5. HP: 40/45 MP: 4/4
  2620 | D:3      | Found a sparkling altar of Nemelex Xobeh.
  2811 | D:3      | Lost intelligence.
  2997 | D:4      | Got a creamy pearl robe
  3008 | D:4      | Identified the +1 robe of the Spider Nest {rCorr} (You found it on level 4 of the Dungeon)
  3242 | D:4      | Reached XP level 6. HP: 46/49 MP: 5/5
  3474 | D:4      | Found a deep blue altar of Sif Muna.
  3474 | D:4      | Found an iron altar of Okawaru.
  3508 | D:4      | Found a staircase to the Ecumenical Temple.
  3571 | Temple   | Entered the Ecumenical Temple
  3972 | D:5      | Entered Level 5 of the Dungeon
  4095 | D:5      | Reached skill level 5 in Unarmed Combat
  4355 | D:5      | Noticed Grinder
  4359 | D:5      | Noticed a sky beast
  4375 | D:5      | Killed a sky beast
  4375 | D:5      | Reached XP level 7. HP: 26/55 MP: 6/6
  4380 | D:5      | Reached skill level 5 in Fighting
  4388 | D:5      | Killed Grinder
  4388 | D:5      | Reached skill level 5 in Dodging
  4953 | D:5      | Found a runed door.
  5271 | D:5      | Noticed Pikel
  5566 | D:5      | Killed Pikel
  5566 | D:5      | Reached XP level 8. HP: 19/70 MP: 7/7
  5873 | D:5      | Noticed Crazy Yiuf
  5884 | D:5      | Killed Crazy Yiuf
  6543 | D:6      | Found a bloodstained altar of Trog.
  6553 | D:6      | Got a smoking gossamer ring
  6678 | D:6      | Reached XP level 9. HP: 51/79 MP: 8/8
  6719 | D:6      | Found a white marble altar of Elyvilon.
  7269 | D:7      | Got a pitted iron ring
  7551 | D:7      | Identified the ring "Ergheos" {rF+ rC+ Str+4 Dex+2} (You found it on level 6 of the Dungeon)
  7552 | D:7      | Identified the ring of the Median {rF+ rC+ Stlth+} (You found it on level 7 of the Dungeon)
  8528 | D:8      | Found a shadowy altar of Dithmenos.
  8541 | D:8      | Became a worshipper of Dithmenos the Shadowed
  8649 | D:8      | Reached skill level 1 in Stealth
  8681 | D:8      | Found an ornate altar of the Wu Jian Council.
  8694 | D:8      | Reached XP level 10. HP: 56/90 MP: 9/9
  9058 | D:9      | Noticed a two-headed ogre
  9066 | D:9      | Killed a two-headed ogre
  9317 | D:9      | Reached * piety under Dithmenos
  9479 | D:9      | Reached skill level 10 in Unarmed Combat
  9623 | D:9      | Noticed a two-headed ogre
  9631 | D:9      | Killed a two-headed ogre
  9806 | D:9      | Reached skill level 5 in Stealth
  9846 | D:10     | Entered Level 10 of the Dungeon
  9855 | D:10     | Reached skill level 10 in Fighting
 10162 | D:10     | Reached XP level 11. HP: 99/99 MP: 10/10
 10197 | D:10     | Reached ** piety under Dithmenos
 10573 | D:10     | Found Luar's Distillery.
 10609 | D:9      | HP: 4/100 [something (4)]
 10609 | D:9      | Slain by an unseen horror

Vault maps used:
D:1:      matt_arrival_los_fun, serial_bayou_lagoon_b
D:2:      uniq_robin
D:3:      nemelex_xobeh_ov_fountains_minmay
D:4:      gammafunk_temple_overflow_elements, temple_hall, first_ration
D:5:      uniq_crazy_yiuf_cottage, uniq_grinder, uniq_pikel
D:6:      elyvilon_altar_5, overflow_temple_1_default
D:7:      the_bakery
D:8:      lemuel_doored_altar, nicolae_dithmenos_the_darkroom,
          minmay_statues_item
D:10:     lair_entry_dummy, serial_shops, shop
Temple:   regret_index_temple_generic_petals

Skill      XL: |  1  2  3  4  5  6  7  8  9 10 |
---------------+-------------------------------+-----
Dodging        | 3 4 5 6 7 8 |  8.9
Fighting       | 3 4 6 7 8 10 | 10.2
Unarmed Combat | 4 5 7 9 10 | 10.5
Stealth        | 1 5 |  5.7
Throwing       | |  1.7

Action                   |  1- 3 |  4- 6 |  7- 9 | 10-12 || total
-------------------------+-------+-------+-------+-------++-------
Melee: Unarmed           |    90 |   196 |   379 |   186 ||   851
       Punch             |       |    10 |    16 |    12 ||    38
  Use: Scroll            |       |    11 |     5 |     4 ||    20
       Potion            |       |     1 |     1 |     3 ||     5
 Stab: Sleeping          |       |       |     2 |     8 ||    10
  Eat: Chunk             |     9 |    12 |    26 |    11 ||    58
Armor: Leather armour    |    20 |    37 |    39 |    33 ||   129
       Robe              |       |    11 |    30 |       ||    41
Dodge: Dodged            |    48 |   127 |   233 |   216 ||   624

Table legend:
 A = Spawn XP
 B = Non-spawn XP
 C = Spawn XP percentage of total XP
 D = Spawn monster count
 E = Non-spawn monster count
 F = Spawn count percentage of total count
 G = Total turns spent on level
                    A         B        C        D         E        F      G
               +---------+---------+-------+---------+---------+-------+---------
         Total |       0 |    9857 |   0.0 |       0 |     209 |   0.0 | 10609
               +---------+---------+-------+---------+---------+-------+---------
           D:1 |       0 |      29 |   0.0 |       0 |      14 |   0.0 |   705
           D:2 |       0 |     154 |   0.0 |       0 |      36 |   0.0 |   970
           D:3 |       0 |      91 |   0.0 |       0 |      16 |   0.0 |  1191
           D:4 |       0 |      46 |   0.0 |       0 |       3 |   0.0 |  1241
           D:5 |       0 |    1537 |   0.0 |       0 |      28 |   0.0 |  1584
           D:6 |       0 |     569 |   0.0 |       0 |      13 |   0.0 |   751
           D:7 |       0 |    1248 |   0.0 |       0 |      30 |   0.0 |  1548
           D:8 |       0 |    1066 |   0.0 |       0 |      23 |   0.0 |   791
           D:9 |       0 |    4328 |   0.0 |       0 |      30 |   0.0 |  1338
          D:10 |       0 |     789 |   0.0 |       0 |      16 |   0.0 |   252
               +---------+---------+-------+---------+---------+-------+---------
